PAAA
SUNSET DISTRICT FOG @ BRINKLEY BELUGAS
09/14/2038
 
TOP OF THE 1ST
Sunset District Fog batting - Pitching for Brinkley Belugas : RHP De John Cleland
Pitching: RHP De John Cleland
Batting: RHB Jim McMahon 0-0: Foul Ball, location: 2F
0-1: Ball
1-1: Swinging Strike
1-2: Strikes out swinging, 2-3 out at first.
Batting: LHB Doug Cole 0-0: Ball
1-0: Foul Ball, location: 2F
1-1: Foul Ball, location: 2F
1-2: Ball
2-2: Foul Ball, location: 2F
2-2: Ball
3-2: Base on Balls
Batting: RHB Sebastian Franke 0-0: Called Strike
0-1: Ball
1-1: Swinging Strike
1-2: SINGLE (Line Drive, 8RS, EV 111.9 MPH)
Doug Cole to second
Batting: RHB Michael Hughes 0-0: Fly out, F3 (Line Drive, 3, EV 60.6 MPH)
Batting: RHB Doug Becker 0-0: Foul Ball, location: 2F
0-1: Ball
1-1: Foul Ball, location: 2F
1-2: Strikes out swinging
Top of the 1st over - 0 runs, 1 hit, 0 errors, 2 left on base; Sunset District 0 - Brinkley 0
BOTTOM OF THE 1ST
Brinkley Belugas batting - Pitching for Sunset District Fog : LHP Mark Smith
Pitching: LHP Mark Smith
Batting: RHB Eikki Kankaanperä 0-0: Ground out U3 (Groundball, 34, EV 88.8 MPH)
Batting: SHB Vicente Romero 0-0: Swinging Strike
0-1: Foul Ball, location: 2F
0-2: Ball
1-2: Strikes out swinging
Batting: RHB Guy Toussaint 0-0: Ball
1-0: Called Strike
1-1: Ball
2-1: DOUBLE (Groundball, 3L, EV 109.4 MPH)
Batting: RHB Noah Bushby 0-0: Ball
1-0: Called Strike
1-1: Swinging Strike
1-2: Strikes out looking
Bottom of the 1st over - 0 runs, 1 hit, 0 errors, 1 left on base; Sunset District 0 - Brinkley 0
TOP OF THE 2ND
Sunset District Fog batting - Pitching for Brinkley Belugas : RHP De John Cleland
Batting: RHB Roger Campbell 0-0: Called Strike
0-1: Fly out, F4 (Popup, 4S, EV 73.1 MPH)
Batting: RHB Reynaldo Torres 0-0: Ball
1-0: Ball
2-0: Ground out 6-3 (Groundball, 6M, EV 102.5 MPH)
Batting: RHB Marcos Avilés 0-0: Called Strike
0-1: Swinging Strike
0-2: SINGLE (Groundball, 6MD, EV 94.4 MPH)
Batting: RHB Stock Tonports 0-0: Swinging Strike
0-1: SINGLE (Groundball, 6MD, EV 94.4 MPH)
Marcos Avilés to second
Batting: RHB Jim McMahon 0-0: Ball
1-0: Called Strike
1-1: Ball
2-1: Swinging Strike
2-2: Ball
3-2: Foul Ball, location: 2F
3-2: Foul Ball, location: 2F
3-2: Foul Ball, location: 2F
3-2: Foul Ball, location: 2F
3-2: Base on Balls
Marcos Avilés to third
Stock Tonports to second
Batting: LHB Doug Cole 0-0: Ball
1-0: Ball
2-0: Swinging Strike
2-1: Foul Ball, location: 2F
2-2: Ball
3-2: Base on Balls
Marcos Avilés scores
Stock Tonports to third
Jim McMahon to second
Batting: RHB Sebastian Franke 0-0: Ball
1-0: SINGLE (Groundball, 34D, EV 98.8 MPH)
Stock Tonports scores
Jim McMahon to third
Doug Cole to second
Runner from 3rd tries for Home, SAFE, throw by RF to home
Batting: RHB Michael Hughes 0-0: Swinging Strike
0-1: Ball
1-1: Ball
2-1: Foul Ball, location: 2F
2-2: Foul Ball, location: 2F
2-2: Strikes out swinging
Top of the 2nd over - 3 runs, 3 hits, 0 errors, 2 left on base; Sunset District 3 - Brinkley 0
BOTTOM OF THE 2ND
Brinkley Belugas batting - Pitching for Sunset District Fog : LHP Mark Smith
Batting: LHB Jung-joon Yi 0-0: Foul Ball, location: 2F
0-1: Swinging Strike
0-2: Ball
1-2: Strikes out looking
Batting: RHB John Núñes 0-0: Ball
1-0: Ball
2-0: Ground out 1-3 (Groundball, 15, EV 78.8 MPH)
Batting: SHB Jorge Colón 0-0: Ball
1-0: Swinging Strike
1-1: Swinging Strike
1-2: Ball
2-2: Ball
3-2: SINGLE (Groundball, 34D, EV 101.9 MPH)
Batting: RHB Ethan Brierley 0-0: Called Strike
0-1: Ball
1-1: Ball
2-1: DOUBLE (Line Drive, 8LXD, EV 101.9 MPH)
Jorge Colón to third
Batting: LHB Stephen Goldobenko 0-0: Ball
1-0: Fly out, F8 (Flyball, 8RM, EV 92.5 MPH)
Bottom of the 2nd over - 0 runs, 2 hits, 0 errors, 2 left on base; Sunset District 3 - Brinkley 0
TOP OF THE 3RD
Sunset District Fog batting - Pitching for Brinkley Belugas : RHP De John Cleland
Batting: RHB Doug Becker 0-0: SINGLE (Groundball, 6MD, EV 96.2 MPH)
Batting: RHB Roger Campbell 0-0: Foul Ball, location: 2F
0-1: Ball
1-1: Foul Ball, location: 2F
1-2: Ball
2-2: Foul Ball, location: 2F
2-2: Foul Ball, location: 2F
2-2: 2-RUN HOME RUN (Flyball, 78XD, EV 105.6 MPH), Distance : 406 ft
Pitching: RHP Bob Roth
Batting: RHB Reynaldo Torres 0-0: Foul Ball, location: 2F
0-1: Foul Ball, location: 2F
0-2: Ball
1-2: Fly out, F9 (Line Drive, 9, EV 96.2 MPH)
Batting: RHB Marcos Avilés 0-0: Foul Ball, location: 2F
0-1: Fly out, F9 (Flyball, 89S, EV 89.4 MPH)
Batting: RHB Stock Tonports 0-0: Called Strike
0-1: Foul Ball, location: 2F
0-2: Ground out 6-3 (Groundball, 56D, EV 107.5 MPH)
Top of the 3rd over - 2 runs, 2 hits, 0 errors, 0 left on base; Sunset District 5 - Brinkley 0
BOTTOM OF THE 3RD
Brinkley Belugas batting - Pitching for Sunset District Fog : LHP Mark Smith
Batting: RHB Eikki Kankaanperä 0-0: Foul Ball, location: 2F
0-1: Fly out, F8 (Flyball, 8RM, EV 91.2 MPH)
Batting: SHB Vicente Romero 0-0: Called Strike
0-1: Foul Ball, location: 2F
0-2: Foul Ball, location: 2F
0-2: Foul Ball, location: 2F
0-2: Ball
1-2: SINGLE (Groundball, 6, EV 103.8 MPH) (infield hit)
Batting: RHB Guy Toussaint 0-0: DOUBLE (Line Drive, 5D, EV 95.6 MPH)
Vicente Romero to third
Batting: RHB Noah Bushby 0-0: Ball
1-0: Called Strike
1-1: Foul Ball, location: 2F
1-2: Strikes out looking
Batting: LHB Jung-joon Yi 0-0: Fly out, F8 (Flyball, 78M, EV 90.0 MPH)
Bottom of the 3rd over - 0 runs, 2 hits, 0 errors, 2 left on base; Sunset District 5 - Brinkley 0
TOP OF THE 4TH
Sunset District Fog batting - Pitching for Brinkley Belugas : RHP Bob Roth
Batting: RHB Jim McMahon 0-0: Called Strike
0-1: Ball
1-1: Ball
2-1: DOUBLE (Line Drive, 9LM, EV 99.4 MPH)
Batting: LHB Doug Cole 0-0: DOUBLE (Line Drive, 9LM, EV 107.5 MPH)
Jim McMahon scores
Batting: RHB Sebastian Franke 0-0: Called Strike
0-1: Called Strike
0-2: Ball
1-2: Foul Ball, location: 2F
1-2: Ball
2-2: Ball
3-2: Base on Balls
Batting: RHB Michael Hughes 0-0: Called Strike
0-1: Ball
1-1: Called Strike
1-2: Ball
2-2: Strikes out swinging
Batting: RHB Doug Becker 0-0: Fly out, F5 (Popup, 5SF, EV 74.4 MPH)
Batting: RHB Roger Campbell 0-0: Ball
1-0: Called Strike
1-1: Ball
2-1: Ball
3-1: Foul Ball, location: 2F
3-2: Base on Balls
Doug Cole to third
Sebastian Franke to second
Batting: RHB Reynaldo Torres 0-0: Ball
1-0: Ball
2-0: Fielders Choice at 2nd, 6-4 (Groundball, 6, EV 109.4 MPH)
Top of the 4th over - 1 run, 2 hits, 0 errors, 3 left on base; Sunset District 6 - Brinkley 0
BOTTOM OF THE 4TH
Brinkley Belugas batting - Pitching for Sunset District Fog : LHP Mark Smith
Batting: RHB John Núñes 0-0: Ball
1-0: Ball
2-0: Ball
3-0: Base on Balls
Batting: SHB Jorge Colón 0-0: Swinging Strike
0-1: Ball
1-1: Ball
2-1: Foul Ball, location: 2F
2-2: Ball
3-2: Ground out 5-3 (Groundball, 56S, EV 85.6 MPH)
John Núñes to second
Batting: RHB Ethan Brierley 0-0: Ball
1-0: Foul Ball, location: 2F
1-1: DOUBLE (Line Drive, 9LS, EV 111.2 MPH)
John Núñes scores
Batting: LHB Stephen Goldobenko 0-0: Ball
1-0: Foul Ball, location: 2F
1-1: Ball
2-1: Foul Ball, location: 2F
2-2: Fly out, F8 (Line Drive, 8LM, EV 98.8 MPH)
Batting: RHB Eikki Kankaanperä 0-0: Ball
1-0: Called Strike
1-1: Foul Ball, location: 2F
1-2: Strikes out swinging
Bottom of the 4th over - 1 run, 1 hit, 0 errors, 1 left on base; Sunset District 6 - Brinkley 1
TOP OF THE 5TH
Sunset District Fog batting - Pitching for Brinkley Belugas : RHP Bob Roth
Batting: RHB Marcos Avilés 0-0: Called Strike
0-1: Ball
1-1: Ball
2-1: Fly out, F2 (Popup, 25F, EV 83.1 MPH)
Batting: RHB Stock Tonports 0-0: Ball
1-0: Ball
2-0: Called Strike
2-1: Swinging Strike
2-2: Foul Ball, location: 2F
2-2: Foul Ball, location: 2F
2-2: Foul Ball, location: 2F
2-2: Foul Ball, location: 2F
2-2: Foul Ball, location: 2F
2-2: Foul Ball, location: 2F
2-2: Strikes out looking
Batting: RHB Jim McMahon 0-0: Called Strike
0-1: Ball
1-1: Swinging Strike
1-2: Strikes out swinging
Top of the 5th over - 0 runs, 0 hits, 0 errors, 0 left on base; Sunset District 6 - Brinkley 1
BOTTOM OF THE 5TH
Brinkley Belugas batting - Pitching for Sunset District Fog : LHP Mark Smith
Batting: SHB Vicente Romero 0-0: Ball
1-0: SINGLE (Groundball, 6D, EV 105.6 MPH)
Batting: RHB Guy Toussaint 0-0: Fielders Choice at 2nd, 5-4 (Groundball, 5S, EV 81.9 MPH)
Batting: RHB Noah Bushby 0-0: Called Strike
0-1: Ball
1-1: Ball
2-1: Called Strike
2-2: Ball
3-2: Fly out, F8 (Line Drive, 8LD, EV 89.4 MPH)
Batting: LHB Jung-joon Yi 0-0: Called Strike
0-1: Called Strike
0-2: Strikes out looking
Bottom of the 5th over - 0 runs, 1 hit, 0 errors, 1 left on base; Sunset District 6 - Brinkley 1
TOP OF THE 6TH
Sunset District Fog batting - Pitching for Brinkley Belugas : RHP Bob Roth
Batting: LHB Doug Cole 0-0: Ball
1-0: Called Strike
1-1: Fly out, F8 (Flyball, 78S, EV 80.0 MPH)
Batting: RHB Sebastian Franke 0-0: Ball
1-0: Ball
2-0: Fly out, F8 (Flyball, 8RD, EV 103.8 MPH)
Batting: RHB Michael Hughes 0-0: Swinging Strike
0-1: Ground out 6-3 (Groundball, 6, EV 83.1 MPH)
Top of the 6th over - 0 runs, 0 hits, 0 errors, 0 left on base; Sunset District 6 - Brinkley 1
BOTTOM OF THE 6TH
Brinkley Belugas batting - Pitching for Sunset District Fog : LHP Mark Smith
Batting: RHB John Núñes 0-0: Ball
1-0: Fly out, F8 (Flyball, 8LD, EV 93.8 MPH)
Batting: SHB Jorge Colón 0-0: Called Strike
0-1: Foul Ball, location: 2F
0-2: Foul Ball, location: 2F
0-2: Strikes out swinging
Batting: RHB Ethan Brierley 0-0: Foul Ball, location: 2F
0-1: Ball
1-1: Fly out, F8 (Flyball, 8LXD, EV 103.8 MPH)
Bottom of the 6th over - 0 runs, 0 hits, 0 errors, 0 left on base; Sunset District 6 - Brinkley 1
TOP OF THE 7TH
Sunset District Fog batting - Pitching for Brinkley Belugas : RHP Bob Roth
Batting: RHB Doug Becker 0-0: Ball
1-0: Foul Ball, location: 2F
1-1: Fly out, F6 (Line Drive, 6, EV 68.1 MPH)
Batting: RHB Roger Campbell 0-0: Foul Ball, location: 2F
0-1: Foul Ball, location: 2F
0-2: Ground out 5-3 (Groundball, 56S, EV 83.8 MPH)
Batting: RHB Reynaldo Torres 0-0: Called Strike
0-1: SINGLE (Groundball, 56D, EV 98.8 MPH)
Pitching: RHP Desiderio Toccafundo
Batting: RHB Marcos Avilés 0-0: Ball
1-0: Ball
2-0: Reached on error, E7 (Line Drive, 7, EV 88.8 MPH)
Reynaldo Torres to third
Batting: RHB Stock Tonports 0-0: Ground out 6-3 (Groundball, 6, EV 88.1 MPH)
Top of the 7th over - 0 runs, 1 hit, 1 error, 2 left on base; Sunset District 6 - Brinkley 1
BOTTOM OF THE 7TH
Brinkley Belugas batting - Pitching for Sunset District Fog : LHP Mark Smith
Batting: LHB Stephen Goldobenko 0-0: Foul Ball, location: 2F
0-1: Fly out, F9 (Flyball, 9, EV 84.4 MPH)
Pitching: RHP Yajirobei Matsumoto
Batting: RHB Eikki Kankaanperä 0-0: Ball
1-0: Ball
2-0: Called Strike
2-1: Ball
3-1: Foul Ball, location: 2F
3-2: Foul Ball, location: 2F
3-2: Foul Ball, location: 2F
3-2: Base on Balls
Batting: SHB Vicente Romero 0-0: Ball
1-0: Ball
2-0: Foul Ball, location: 2F
2-1: Fly out, F5 (Popup, 6S, EV 82.5 MPH)
Batting: RHB Guy Toussaint 0-0: Called Strike
Eikki Kankaanperä is caught stealing 2nd base 2-4
Bottom of the 7th over - 0 runs, 0 hits, 0 errors, 0 left on base; Sunset District 6 - Brinkley 1
TOP OF THE 8TH
Sunset District Fog batting - Pitching for Brinkley Belugas : RHP Desiderio Toccafundo
Batting: RHB Jim McMahon 0-0: Called Strike
0-1: Called Strike
0-2: Foul Ball, location: 2F
0-2: Strikes out looking
Batting: LHB Doug Cole 0-0: Ball
1-0: Ball
2-0: Called Strike
2-1: Ball
3-1: Base on Balls
Batting: RHB Sebastian Franke 0-0: Ball
1-0: Ball
2-0: Ball
3-0: Called Strike
3-1: Base on Balls
Doug Cole to second
Batting: RHB Michael Hughes 0-0: Foul Ball, location: 2F
0-1: Ball
1-1: Foul Ball, location: 2F
1-2: Ball
2-2: Ball
3-2: Base on Balls
Doug Cole to third
Sebastian Franke to second
Batting: RHB Doug Becker 0-0: Called Strike
0-1: Called Strike
0-2: Ball
1-2: Ball
2-2: Strikes out swinging
Batting: RHB Roger Campbell 0-0: Ball
1-0: Foul Ball, location: 2F
1-1: Ball
2-1: Fly out, F7 (Flyball, 7S, EV 86.9 MPH)
Top of the 8th over - 0 runs, 0 hits, 0 errors, 3 left on base; Sunset District 6 - Brinkley 1
BOTTOM OF THE 8TH
Brinkley Belugas batting - Pitching for Sunset District Fog : RHP Yajirobei Matsumoto
Batting: RHB Guy Toussaint 0-0: Called Strike
0-1: Ground out 6-3 (Groundball, 6, EV 80.6 MPH)
Batting: RHB Noah Bushby 0-0: Foul Ball, location: 2F
0-1: Foul Ball, location: 2F
0-2: Strikes out swinging
Batting: LHB Jung-joon Yi 0-0: Ball
1-0: Ball
2-0: Ball
3-0: Base on Balls
Batting: RHB John Núñes 0-0: Foul Ball, location: 2F
0-1: Ball
1-1: Swinging Strike
1-2: Strikes out swinging
Bottom of the 8th over - 0 runs, 0 hits, 0 errors, 1 left on base; Sunset District 6 - Brinkley 1
TOP OF THE 9TH
Sunset District Fog batting - Pitching for Brinkley Belugas : RHP Desiderio Toccafundo
Batting: RHB Reynaldo Torres 0-0: Ball
1-0: Ball
2-0: Called Strike
2-1: Called Strike
2-2: Ground out 6-3 (Groundball, 6M, EV 85.0 MPH)
Batting: RHB Marcos Avilés 0-0: Called Strike
0-1: Ball
1-1: Foul Ball, location: 2F
1-2: Ball
2-2: Ball
3-2: DOUBLE (Line Drive, 9LM, EV 110.6 MPH)
Pitching: RHP Miika Jarvi
Batting: RHB Stock Tonports 0-0: Ball
1-0: Fly out, F6 (Flyball, 5D, EV 89.4 MPH)
Batting: RHB Jim McMahon 0-0: Called Strike
0-1: Ball
1-1: Called Strike
1-2: Strikes out looking
Top of the 9th over - 0 runs, 1 hit, 0 errors, 1 left on base; Sunset District 6 - Brinkley 1
BOTTOM OF THE 9TH
Brinkley Belugas batting - Pitching for Sunset District Fog : RHP Yajirobei Matsumoto
Batting: SHB Jorge Colón 0-0: Ball
1-0: Ball
2-0: Ball
3-0: Called Strike
3-1: Ground out 5-3 (Groundball, 56, EV 89.4 MPH)
Batting: RHB Ethan Brierley 0-0: Fly out, F8 (Flyball, 8RD, EV 90.6 MPH)
Batting: LHB Stephen Goldobenko 0-0: Ball
1-0: Ball
2-0: Ball
3-0: Called Strike
3-1: Foul Ball, location: 2F
3-2: Ground out 4-3 (Groundball, 34, EV 78.8 MPH)
Bottom of the 9th over - 0 runs, 0 hits, 0 errors, 0 left on base; Sunset District 6 - Brinkley 1
Friday, April 17th, 2020 - OOTP Baseball 20.8 Build 74